 Dungeon Crawl Stone Soup version 0.29-a0-393-g47a863cc1b (webtiles) character file.

Game seed: 1978271566532065313

388 Majang the Sneak (level 6, 0/32 HPs)
             Began as a Vampire Brigand on May 9, 2022.
             Slain by an orc wizard
             ... wielding a +0 dagger
              (2 damage)
             ... on level 8 of the Dungeon.
             The game lasted 00:11:38 (3118 turns).

Majang the Sneak (Vampire Brigand)                  Turns: 3118, Time: 00:11:39

Health: 0/32       AC:  7    Str: 14 (16) XL:     6   Next: 49%
Magic:  0/6        EV: 12    Int: 12 (14) God:
Gold:   201        SH:  0    Dex: 14 (17) Spells: 5/5 levels left

rFire   . . .      SeeInvis +   a - +2 dagger
rCold   + + .      Faith    .   (no shield)
rNeg    + + +      Spirit   .   b - +0 robe
rPois   ∞          Reflect  .   (helmet restricted)
rElec   .          Harm     .   c - +0 cloak
rCorr   .          Rampage  .   (no gloves)
Will    .....                   (no boots)
Stlth   ++++++....              (no amulet)
HPRegen 0.00/turn               l - +6 ring of strength
MPRegen 0.10/turn               p - +4 ring of protection

@: brilliant, bloodless, inhibited regen
A: bloodless, fangs 3, see invisible, vampiric 2, antennae 1, talons 1, frail 1
a: Bat Form, Revivify


You were on level 8 of the Dungeon.
You visited 1 branch of the dungeon, and saw 6 of its levels.

You collected 201 gold pieces.

Inventory:

Hand Weapons
 a - a +2 dagger (weapon)
Missiles
 d - 12 poisoned darts (quivered)
 e - 3 curare-tipped darts
Armour
 b - a +0 robe (worn)
 c - a +0 cloak (worn)
Jewellery
 l - a +6 ring of strength (left hand)
 m - a +6 ring of strength
 p - a +4 ring of protection (right hand)
Wands
 o - a wand of flame (10)
Scrolls
 f - 4 scrolls of teleportation
 h - a scroll of noise {unknown}
 j - 2 scrolls of identify
 s - a scroll of enchant weapon {unknown}
Potions
 g - a potion of haste
 i - 2 potions of curing
 k - 2 potions of ambrosia
 n - a potion of degeneration
 r - a potion of mutation


   Skills:
 + Level 3.3 Fighting
 * Level 5.5 Short Blades
 - Level 1.5 Throwing
 + Level 1.6 Dodging
 + Level 7.6 Stealth
 + Level 0.6 Evocations


You had 5 spell levels left.
You didn't know any spells.
Your spell library was empty.

Dungeon Overview and Level Annotations

Branches:
Dungeon (8/15)
 Temple: D:4-7         Lair: D:8-11

Altars:
Trog

Shops:
D:4 :


Innate Abilities, Weirdness & Mutations

You do not regenerate when monsters are visible.
You are frail without blood (-20% HP).
You can heal yourself when you bite living creatures.
You are immune to poison.
You have razor-sharp teeth.
You have supernaturally acute eyesight. (SInv)
You are afflicted with vampirism and can become a bat while bloodless.
You have a pair of small antennae on your head.
You have sharp toenails.
You are frail. (-10% HP)


Message History

There was something very wrong with that liquid.
You feel weakened.
You feel dopey.
You feel clumsy. The orc wizard completely misses you.
The orc priest closely misses you.
The orc wizard hits you but does no damage.
It was a potion of mutation.
You feel extremely strange.
Your toenails lengthen and sharpen.
A pair of antennae grows on your head!
You feel frail.
You hear the faint creaking of a very distant portcullis.
The orc wizard closely misses you.
The orc priest hits you but does no damage.
The orc wizard hits you with a +0 dagger.
It was a potion of haste.
You feel yourself speed up.
The orc wizard hits you with a +2 antimagic dagger.
You feel your power leaking away.
The orc priest hits you but does no damage.
The orc wizard hits you with a +0 dagger.
It was a potion of lignification.
You feel woody for a moment.
The orc wizard hits you with a +2 antimagic dagger.
You feel your power leaking away.
The orc priest looks encouraged for a moment.
The orc wizard gestures at you while chanting.
The magic dart hits you!
* * * LOW HITPOINT WARNING * * *
It was a potion of cancellation.
Your magical effects are unravelling.
You feel magically purged.
You feel yourself slow down.
It was a potion of brilliance.
You feel clever all of a sudden. The orc wizard barely misses you.
The orc priest hits you with a +0 dagger.
* * * LOW HITPOINT WARNING * * *
The orc wizard closely misses you.
As you read the scroll labelled RECZEI MEUG, it crumbles to dust.
It is a scroll of identify.
f - 4 scrolls of teleportation The orc wizard hits you but does no damage.
The orc priest miscasts a cantrip.
The orc wizard hits you with a +0 dagger.
You die...

#####
#...########
#.#........#
#...######.#
##<##
#.##########
#.#
#.##oT......
#.#
#..ooo.....#
#.#
####@#####.#
#.# #.# ..#
#.# ### #.#
#.# #.. ###


You could see a troll, an orc priest, 2 orc wizards and an orc.

Vanquished Creatures
  An ogre (D:4)
  A scorpion (D:4)
  A howler monkey (D:4)
  3 hounds
  3 adders
  3 gnolls (D:2)
  2 worms
  3 orcs
  6 bats
  4 endoplasms
  2 giant cockroaches (D:1)
  8 goblins
  5 hobgoblins
  2 jackals (D:4)
  6 kobolds
  3 quokkas
  2 ball pythons
  3 rats
58 creatures vanquished.

Notes
Turn   | Place    | Note
-------+----------+-------------------------------------------
     0 | D:1      | Majang the Vampire Brigand began the quest for the Orb.
     0 | D:1      | Reached XP level 1. HP: 16/16 MP: 1/1
   366 | D:1      | Reached skill level 6 in Stealth
   366 | D:1      | Reached XP level 2. HP: 17/17 MP: 2/2
  1036 | D:2      | Gained mutation: You are afflicted with vampirism and can
                  | become a bat while bloodless. [Vampire growth]
  1036 | D:2      | Reached XP level 3. HP: 21/21 MP: 3/3
  1165 | D:2      | Found a bloodstained altar of Trog.
  1714 | D:3      | Reached XP level 4. HP: 27/27 MP: 4/4
  2212 | D:3      | Found a faded altar of an unknown god.
  2327 | D:4      | Noticed an ogre
  2332 | D:4      | Found Wuladgh's Book Emporium.
  2336 | D:4      | Killed an ogre
  2337 | D:4      | Reached skill level 7 in Stealth
  2337 | D:4      | Reached XP level 5. HP: 32/32 MP: 5/5
  2395 | D:4      | Reached skill level 5 in Short Blades
  2618 | D:4      | Reached XP level 6. HP: 37/37 MP: 6/6
  2963 | D:4      | You fall into a shaft and drop 3 floors!
  2963 | D:7      | Noticed an orc warrior
  3101 | D:8      | Noticed a troll
  3113 | D:8      | Gained mutation: You have sharp toenails. [potion of
                  | mutation]
  3113 | D:8      | Gained mutation: You have a pair of small antennae on your
                  | head. [potion of mutation]
  3113 | D:8      | Gained mutation: You are frail. (-10% HP) [potion of
                  | mutation]
  3118 | D:8      | Slain by an orc wizard

Illustrated notes

Levels and vault maps discovered:
D:1:      wheals_arrival_linesprint, layout_basic
D:2:      layout_basic, basic_altar, chequers_serial_rivers_room_a
D:3:      layout_rooms, shapermc_ecumenical_altar_flowoftime,
          chequers_serial_rivers_large_a, kennysheep_pointless_box,
          minmay_liquid_box, kennysheep_generic_room_13
D:4:      layout_cave_pools, serial_shops, nicolae_shop_waterfront,
          patterned_corridor
D:7:      cheibrodos_shockbox, layout_rooms, serial_corexii_hall,
          chequers_hall_statues_wall_a, chequers_hall_statues_corner_a,
          kennysheep_small_circle
D:8:      minmay_chambers_of_fours, layout_loops_ring, enter_bailey_2,
          uniq_joseph

Skill      XL: |  1  2  3  4  5 |
---------------+----------------+-----
Fighting       | 2 3 |  3.3
Stealth        | 6 7 |  7.6
Short Blades   | 3 4 5 |  5.5
Throwing       | |  1.5
Dodging        | |  1.6
Evocations     | |  0.6

Action                   |  1- 3 |  4- 6 || total
-------------------------+-------+-------++-------
Melee: Dagger            |    63 |   119 ||   182
       Bite              |     2 |    11 ||    13
       Punch             |     1 |       ||     1
 Abil: Exsanguinate      |     1 |       ||     1
Evoke: Wand              |       |     1 ||     1
  Use: Scroll            |       |     4 ||     4
       Potion            |       |     8 ||     8
 Stab: Sleeping          |    18 |     9 ||    27
       Distracted        |     1 |     1 ||     2
Armor: Robe              |    15 |    52 ||    67
Dodge: Dodged            |    28 |    73 ||   101

Table legend: (Time is in decaauts)
 A = Elapsed time spent in this place.
 B = Non-inter-level travel time spent in this place.
 C = Inter-level travel time spent in this place.
 D = Time resting spent in this place.
 E = Time spent auto-exploring this place.
 F = Levels seen in this place.
 G = Mean time per level.
                   A        B        C        D        E       F      G
               +--------+--------+--------+--------+--------+-----+--------+
         Total |   3084 |   2943 |    141 |    557 |   1611 |   6 |  514.0 |
       Dungeon |   3084 |   2943 |    141 |    557 |   1611 |   6 |  514.0 |
               +--------+--------+--------+--------+--------+-----+--------+

Top non-repeatable levels by time:
     D:1: 928 daAuts
     D:2: 757 daAuts
     D:3: 629 daAuts
     D:4: 620 daAuts
     D:7: 95 daAuts
     D:8: 53 daAuts
